Map: World of Sleepers LE

Players

Ratl

  • Race: Protoss Protoss
  • League: Silver
  • Spawn Location: 1:00

Danglê - Winner!

  • Race: Protoss Protoss
  • League: Gold
  • Spawn Location: 7:00

VOD

Have the link to the VOD?

Description

Time

  • Played on: Jan. 28, 2020, 2:26 p.m.
  • Length: 15:51
Show
View Real Time Build Order
Export as new Build Order

Ratl Protoss 

Build Orders:  

Get SALT Encoding   

  12  0:01  Probe  
  13  0:13  Probe  
  14  0:21  Pylon  
  14  0:26  Probe (Chrono Boost)  
  15  0:39  Assimilator  
  15  0:41  Probe (Chrono Boost)  
  16  0:45  Probe (Chrono Boost)  
  17  0:50  Gateway  
  17  0:56  Probe  
  18  1:05  Gateway  
  18  1:08  Probe  
  19  1:17  Assimilator  
  19  1:20  Probe  
  20  1:26  Pylon  
  20  1:32  Probe  
  21  1:41  Cybernetics Core  
  21  1:44  Probe  
  22  1:56  Probe  
  23  2:08  Probe  
  23  2:13  Warp Gate (Chrono Boost)  
  24  2:19  Nexus  
  24  2:20  Probe  
  25  2:31  Stalker  
  25  2:32  Probe  
  28  2:41  Stalker  
  30  2:45  Probe  
  31  2:54  Pylon  
  31  3:12  Probe  
  32  3:20  Robotics Facility  
  32  3:24  Probe  
  33  3:31  Probe  
  34  3:36  Probe  
  35  3:43  Probe, Gateway  
  35  3:44  Gateway  
  35  3:48  Probe  
  37  3:51  Stalker x2  
  37  3:55  Probe  
  42  3:58  Pylon  
  42  4:00  Probe  
  43  4:07  Probe  
  44  4:10  Observer  
  44  4:12  Probe  
  46  4:19  Probe  
  47  4:24  Probe  
  47  4:25  Robotics Bay  
  47  4:31  Probe, Immortal, Stalker  
  50  4:36  Probe  
  52  4:47  Probe  
  52  4:48  Probe  
  52  4:51  Assimilator  
  54  4:54  Assimilator  
  54  4:56  Stalker x3  
  54  4:58  Pylon  
  54  4:59  Probe  
  61  5:09  Pylon  
  61  5:13  Forge  
  61  5:21  Stalker x2  
  61  5:22  Stalker x2  
  61  5:27  Probe x2  
  71  5:32  Forge  
  71  5:39  Probe x2  
  73  5:51  Probe  
  73  5:52  Probe, Stalker  
  77  6:04  Probe  
  78  6:05  Pylon  
  78  6:06  Photon Cannon  
  78  6:18  Photon Cannon  
  78  6:21  Pylon  
  78  6:23  Probe x2, Colossus  
  86  6:26  Protoss Ground Weapons Level 1 (Chrono Boost), Protoss Ground Armor Level 1 (Chrono Boost)  
  86  6:27  Pylon  
  86  6:32  Pylon  
  86  6:37  Extended Thermal Lance  
  86  6:39  Probe x2  
  88  6:42  Twilight Council  
  88  6:51  Probe x2, Stalker x4  
  98  7:17  Observer  
  98  7:22  Probe x2  
  101  7:30  Nexus  
  101  7:34  Probe x2  
  103  7:37  Blink  
  103  7:38  Colossus  
  109  7:46  Probe  
  110  8:02  Pylon  
  110  8:04  Pylon  
  110  8:05  Pylon  
  110  8:06  Pylon  
  110  8:07  Photon Cannon, Assimilator  
  110  8:08  Photon Cannon  
  110  8:11  Photon Cannon, Assimilator  
  110  8:13  Shield Battery  
  110  8:15  Shield Battery  
  110  8:18  Protoss Ground Armor Level 2 (Chrono Boost), Shield Battery  
  110  8:20  Probe x2  
  110  8:23  Protoss Ground Weapons Level 2 (Chrono Boost)  
  112  8:32  Probe, Immortal  
  117  8:43  Probe x2  
  117  8:44  Probe  
  120  8:55  Probe x2  
  120  9:00  Probe  
  123  9:09  Stalker x4  
  131  9:20  Gateway x2  
  131  9:22  Gateway  
  131  9:29  Immortal  
  135  9:33  Pylon  
  135  9:35  Shield Battery  
  135  9:38  Shield Battery  
  135  9:40  Shield Battery  
  135  9:42  Shield Battery  
  135  9:51  Stalker  
  135  9:52  Stalker x3  
  143  9:53  Nexus  
  143  10:12  Robotics Facility  
  143  10:13  Robotics Facility  
  143  10:15  Stalker x5  
  153  10:32  Warp Prism  
  81  11:31  Immortal x2  
  93  11:33  Immortal  
  93  11:35  Assimilator  
  93  11:36  Pylon, Stalker x3  
  93  11:37  Stalker x4  
  93  11:39  Pylon  
  107  11:55  Protoss Ground Weapons Level 3 (Chrono Boost), Protoss Ground Armor Level 3 (Chrono Boost)  
  107  12:10  Colossus, Warp Prism  
  107  12:12  Immortal  
  119  12:16  Templar Archives  
  119  12:29  Pylon  
  119  12:37  Gateway  
  119  12:39  Gateway  
  119  12:41  Gateway  
  119  12:43  Pylon  
  119  12:46  Immortal  
  119  12:48  Psionic Storm  
  127  12:51  Immortal  
  127  13:01  High Templar x5  
  127  13:04  Stalker x2  
  141  13:15  Immortal  
  145  13:23  Stargate  
  145  13:24  Stargate  
  145  13:25  Immortal  
  145  13:26  Pylon, Stargate  
  149  13:30  Immortal  
  153  13:35  Zealot x2  
  153  13:36  Zealot x5  
  153  13:37  Zealot  
  169  13:58  Stalker x2  
  169  13:59  Zealot x4  
  169  14:00  High Templar  
  169  14:01  High Templar x3  
  189  14:29  Zealot  
  189  14:30  Zealot x4  
  189  15:10  Zealot x3  
  189  15:11  Zealot x2  
Show
View Real Time Build Order
Export as new Build Order

Danglê Protoss - Winner!

Build Orders:  

Get SALT Encoding   

  12  0:05  Probe  
  13  0:17  Probe  
  14  0:22  Pylon  
  14  0:29  Probe (Chrono Boost)  
  15  0:41  Probe (Chrono Boost)  
  16  0:48  Assimilator  
  16  0:49  Probe (Chrono Boost)  
  17  0:53  Assimilator  
  17  0:55  Probe  
  18  1:07  Probe (Chrono Boost)  
  19  1:16  Probe (Chrono Boost)  
  20  1:21  Probe (Chrono Boost)  
  20  1:22  Pylon  
  21  1:28  Gateway  
  21  1:33  Probe  
  22  1:46  Probe  
  23  1:58  Probe  
  24  2:04  Nexus  
  24  2:17  Cybernetics Core  
  24  2:28  Forge  
  24  2:41  Pylon  
  24  2:43  Pylon  
  24  2:58  Stargate  
  24  2:59  Stargate  
  24  3:16  Probe (Chrono Boost)  
  24  3:17  Probe (Chrono Boost)  
  28  3:27  Probe (Chrono Boost)  
  28  3:28  Probe (Chrono Boost)  
  28  3:32  Probe x2 (Chrono Boost)  
  30  3:43  Probe x2  
  30  3:47  Void Ray x2  
  40  3:57  Photon Cannon  
  40  4:02  Assimilator  
  40  4:05  Assimilator  
  40  4:07  Probe x2  
  42  4:19  Probe x2  
  44  4:48  Void Ray x2  
  52  4:56  Photon Cannon  
  52  4:58  Photon Cannon  
  52  5:01  Photon Cannon  
  52  5:03  Probe x2  
  54  5:09  Protoss Shields Level 1  
  54  5:13  Protoss Air Weapons Level 1 (Chrono Boost)  
  54  5:19  Pylon  
  54  5:21  Pylon  
  54  5:24  Pylon  
  54  5:44  Void Ray x2  
  62  5:55  Pylon  
  62  6:08  Stargate  
  62  6:24  Void Ray x2 (Chrono Boost)  
  70  6:33  Pylon  
  70  6:39  Pylon  
  70  6:45  Protoss Air Armor Level 1 (Chrono Boost)  
  70  6:55  Fleet Beacon  
  70  6:59  Pylon  
  70  7:11  Void Ray x3  
  82  7:20  Photon Cannon  
  82  7:25  Photon Cannon  
  82  7:39  Unknown  
  82  8:07  Pylon  
  82  8:10  Pylon  
  82  8:12  Void Ray x2  
  82  8:13  Void Ray  
  94  8:28  Protoss Air Weapons Level 2 (Chrono Boost)  
  94  8:55  Void Ray x3  
  106  9:38  Void Ray x3  
  118  10:15  Nexus  
  118  10:25  Void Ray x2  
  126  10:35  Protoss Air Armor Level 2  
  125  11:00  Void Ray  
  113  11:08  Void Ray x2  
  120  11:30  Nexus  
  120  11:32  Assimilator  
  120  11:35  Assimilator  
  120  11:37  Pylon  
  120  11:39  Pylon  
  120  11:52  Void Ray x2  
  120  11:53  Void Ray  
  128  12:07  Photon Cannon  
  128  12:09  Photon Cannon  
  128  12:10  Photon Cannon  
  128  12:13  Photon Cannon  
  128  12:18  Shield Battery  
  128  12:21  Shield Battery  
  128  12:26  Shield Battery  
  128  12:34  Shield Battery  
  128  12:35  Shield Battery  
  128  12:48  Twilight Council  
  128  12:57  Void Ray (Chrono Boost)  
  132  13:19  Carrier (Chrono Boost)  
  144  13:27  Carrier (Chrono Boost)  
  150  13:42  Carrier (Chrono Boost)  
  150  14:13  Pylon  
  150  14:15  Pylon  
  150  14:17  Pylon  
  150  14:21  Pylon  
  150  14:37  Robotics Facility  
  148  14:45  Probe x2  
  140  14:46  Probe  
  139  14:57  Probe (Chrono Boost)  
  139  14:58  Probe (Chrono Boost)  
  142  15:03  Probe (Chrono Boost)  
  143  15:08  Probe (Chrono Boost)  
Tags
 
Add a new tag
Caveats
  • Supply blocks, unpowered buildings, or Contaminate may cause inaccurate times.
  • Supply counts are checked every 10 seconds.